Map: Magannatha LE

Players

Nicoract

  • Race: Terran Terran
  • Spawn Location: 11:00

Vindicta - Winner!

  • Race: Terran Terran
  • League: Master
  • Spawn Location: 5:00

VOD

Have the link to the VOD?

Description

Time

  • Played on: July 29, 2025, 8:13 p.m.
  • Length: 10:33
Show
View Real Time Build Order
Export as new Build Order

Nicoract Terran 

Build Orders:  

Get SALT Encoding   

  12  0:00  SCV  
  13  0:12  SCV  
  14  0:17  Supply Depot  
  14  0:24  SCV  
  15  0:39  SCV, Barracks  
  16  0:43  Refinery  
  16  0:51  SCV  
  16  0:52  Refinery  
  17  1:03  SCV  
  18  1:15  SCV  
  19  1:26  Reaper  
  19  1:27  Orbital Command  
  19  1:30  Supply Depot  
  20  1:43  Factory  
  20  1:53  SCV  
  21  1:58  Reaper  
  22  2:11  SCV  
  23  2:23  SCV  
  23  2:24  Command Center  
  23  2:27  Hellion  
  26  2:31  Reaper  
  26  2:35  SCV, Supply Depot  
  28  2:47  SCV  
  28  2:49  Hellion  
  31  2:51  Starport  
  31  3:00  SCV  
  31  3:01  Refinery  
  31  3:03  Barracks Reactor  
  32  3:10  Factory Tech Lab  
  32  3:12  SCV  
  33  3:24  SCV  
  34  3:29  Starport Tech Lab, Cyclone  
  37  3:36  Orbital Command  
  37  3:37  SCV  
  36  3:49  Marine x2  
  36  3:51  Banshee  
  36  3:52  SCV  
  39  4:02  Cyclone  
  42  4:05  SCV x2  
  44  4:12  Marine x2  
  45  4:20  SCV x2  
  43  4:32  SCV x2  
  43  4:34  Marine x2  
  49  4:39  Mag-Field Accelerator, Cyclone  
  49  4:43  Banshee  
  49  4:44  SCV, Hyperflight Rotors  
  54  4:51  Supply Depot  
  54  4:56  SCV x2, Marine  
  54  5:02  Supply Depot  
  54  5:08  Marine  
  54  5:09  SCV x2  
  51  5:21  SCV x2  
  51  5:26  Banshee  
  53  5:32  Cyclone  
  53  5:33  SCV x2  
  55  5:39  Supply Depot  
  55  5:45  SCV  
  56  5:52  Marine x2  
  56  5:54  SCV  
  59  5:57  Command Center  
  59  5:58  Supply Depot  
  59  6:04  Siege Tank  
  59  6:07  SCV x2  
  64  6:19  SCV x2, Barracks  
  64  6:20  Barracks  
  64  6:23  Marine x2  
  68  6:25  Liberator  
  68  6:31  SCV x2  
  73  6:37  Engineering Bay  
  73  6:38  Engineering Bay  
  73  6:39  Siege Tank  
  76  6:43  SCV x2  
  76  6:46  Marine x2  
  79  6:55  SCV x2  
  81  7:04  Supply Depot x2  
  81  7:06  Terran Infantry Armor Level 1, Terran Infantry Weapons Level 1, Barracks Reactor  
  81  7:07  SCV, Barracks Reactor  
  79  7:13  Orbital Command  
  79  7:14  SCV  
  80  7:20  Refinery, Marine  
  80  7:21  Stimpack  
  81  7:27  Barracks  
  81  7:28  SCV  
  81  7:29  SCV  
  83  7:30  Barracks  
  80  7:39  Marine  
  80  7:40  Medivac x2  
  80  7:41  SCV x2  
  87  7:44  Marine x4  
  87  7:46  SCV  
  87  7:49  Siege Tank  
  95  7:53  SCV x2  
  95  7:58  SCV  
  98  8:04  Marine  
  98  8:05  SCV x2, Marine x4  
  104  8:09  Armory  
  104  8:10  SCV  
  104  8:12  Medivac x2  
  110  8:17  SCV  
  110  8:18  SCV, Barracks Reactor  
  109  8:22  Marine  
  109  8:23  Siege Tank  
  113  8:27  Marine  
  113  8:33  Barracks  
  114  8:34  Marine  
  114  8:35  Barracks, Marine x2  
  114  8:36  Barracks  
  114  8:39  Supply Depot  
  114  8:40  Supply Depot  
  117  8:43  Barracks Reactor  
  117  8:45  Marine x2  
  117  8:46  Supply Depot x2  
  119  8:52  Marine x3  
  122  8:56  Medivac  
  122  9:01  Medivac, Marine x2  
  128  9:03  Marine x2  
  127  9:10  Marine x3  
  127  9:15  SCV x2  
  130  9:18  Siege Tank  
  130  9:19  Marine x2  
  130  9:21  Marine x2  
  130  9:22  Marine  
  130  9:23  Marine x4  
  142  9:28  Marine x2  
  142  9:30  Medivac x2  
  142  9:31  Marine  
  132  9:36  SCV x2, Marine  
  132  9:37  Marine  
  133  9:39  Marine x2  
  133  9:40  Marine x3  
  133  9:41  Marine x2  
  133  9:42  Supply Depot  
  134  9:47  Marine x2  
  134  9:52  Marine  
  123  9:54  Marine x2  
  123  9:57  Marine x2  
  123  9:58  Marine  
  108  10:00  Medivac x2  
  108  10:01  Marine  
  108  10:03  Marine  
  113  10:08  Marine x2  
  113  10:12  Marine x2  
Show
View Real Time Build Order
Export as new Build Order

Vindicta Terran - Winner!

Build Orders:  

Get SALT Encoding   

  12  0:00  SCV  
  13  0:12  SCV  
  14  0:16  Supply Depot  
  14  0:24  SCV  
  15  0:38  SCV  
  15  0:39  Barracks  
  16  0:42  Refinery  
  16  0:50  SCV  
  16  0:54  Refinery  
  17  1:02  SCV  
  18  1:14  SCV  
  19  1:26  Reaper  
  19  1:27  Orbital Command  
  19  1:31  Supply Depot  
  20  1:45  Factory  
  20  1:52  SCV  
  21  1:59  Barracks Reactor  
  21  2:05  SCV  
  22  2:17  SCV  
  23  2:26  Command Center  
  24  2:30  SCV  
  24  2:36  Reaper x2  
  26  2:41  Hellion  
  28  2:47  Supply Depot  
  28  2:49  SCV  
  29  2:58  Starport  
  29  3:03  Hellion  
  31  3:08  SCV, Reaper  
  31  3:12  Reaper  
  34  3:20  SCV  
  34  3:22  Refinery  
  35  3:30  Factory Tech Lab  
  35  3:32  SCV  
  36  3:35  Starport Tech Lab  
  36  3:40  Marine  
  37  3:44  Marine  
  37  3:52  Cyclone  
  37  3:53  Orbital Command  
  38  3:56  Raven  
  38  3:57  SCV  
  38  3:59  Marine  
  42  4:02  Marine  
  42  4:07  Interference Matrix  
  43  4:10  SCV  
  43  4:17  Marine  
  42  4:20  SCV, Marine  
  42  4:22  SCV  
  44  4:30  Cyclone  
  47  4:32  SCV  
  47  4:34  SCV, Marine  
  47  4:38  Supply Depot  
  50  4:40  Raven  
  50  4:43  Marine  
  50  4:44  SCV  
  54  4:47  Supply Depot  
  54  4:55  Marine  
  56  5:00  SCV x2  
  56  5:01  Marine  
  57  5:12  SCV x2, Marine  
  51  5:22  Raven  
  51  5:24  SCV x2  
  51  5:26  Siege Tank  
  51  5:28  Marine  
  57  5:38  SCV, Command Center  
  57  5:39  SCV  
  59  5:48  Supply Depot  
  59  5:50  SCV  
  59  5:52  SCV, Barracks  
  59  5:56  Barracks  
  61  5:59  Siege Tank  
  61  6:02  SCV  
  66  6:04  SCV, Stimpack  
  66  6:09  Marine  
  66  6:11  Starport Reactor  
  67  6:14  SCV, Refinery  
  67  6:16  SCV  
  69  6:23  Engineering Bay  
  69  6:24  Engineering Bay  
  69  6:26  SCV  
  69  6:28  SCV, Marine  
  69  6:31  Siege Tank  
  73  6:38  SCV  
  74  6:40  SCV  
  74  6:45  Marine x2  
  77  6:51  SCV  
  77  6:52  SCV, Starport Reactor  
  76  6:54  Marine x2  
  76  6:55  Orbital Command, Marine  
  76  6:56  Viking  
  77  7:03  SCV, Marine  
  77  7:04  SCV  
  77  7:05  Marine, Missile Turret  
  81  7:10  Terran Infantry Armor Level 1, Terran Infantry Weapons Level 1  
  81  7:12  Marine x3  
  81  7:15  SCV  
  85  7:20  Siege Tank  
  85  7:21  SCV x2, Marine  
  90  7:27  SCV, Missile Turret  
  90  7:28  Starport Reactor  
  92  7:30  Marine x2  
  92  7:36  Supply Depot  
  93  7:37  SCV x2, Marine x2  
  93  7:39  Marine  
  98  7:48  Marine x2  
  99  7:53  Combat Shield  
  99  7:54  Marine  
  99  7:58  SCV  
  103  8:01  Orbital Command  
  103  8:04  Marine  
  103  8:07  Medivac  
  103  8:08  Barracks  
  103  8:10  Medivac  
  103  8:11  Barracks  
  106  8:18  SCV  
  105  8:23  Missile Turret  
  105  8:25  Marine  
  106  8:28  Siege Tank  
  108  8:37  Medivac  
  108  8:38  SCV  
  108  8:39  Supply Depot  
  108  8:43  SCV, Missile Turret  
  108  8:44  Marine  
  110  8:50  SCV x2, Marine x2  
  110  8:51  Marine  
  110  8:55  SCV  
  116  8:59  Marine  
  116  9:01  Siege Tank  
  116  9:02  SCV, Barracks Reactor  
  118  9:03  SCV  
  118  9:07  SCV  
  118  9:08  Marine x3  
  122  9:13  Marine  
  122  9:14  SCV  
  122  9:15  SCV  
  123  9:17  Marine  
  123  9:22  Supply Depot  
  123  9:23  Supply Depot x2  
  121  9:27  Marine x2  
  123  9:31  Marine  
  123  9:34  Siege Tank  
  123  9:38  Marine x2  
  123  9:39  Marine  
  123  9:40  SCV  
  123  9:41  SCV  
  123  9:44  SCV  
  126  9:50  Marine  
  116  9:55  Marine x3  
  116  9:56  SCV, Marine x2  
  116  9:57  Marine  
  116  9:58  SCV  
  116  9:59  SCV  
  124  10:03  Armory  
  124  10:07  Supply Depot  
  123  10:08  SCV, Marine  
  123  10:13  Marine x3  
  123  10:14  Marine x2  
  132  10:20  SCV  
Tags
 
League
Master
Matchup
TvT
Player
Vindicta
Race
Terran
Spawn Locations
Cross Positions
Add a new tag
Caveats
  • Supply blocks, unpowered buildings, or Contaminate may cause inaccurate times.
  • Supply counts are checked every 10 seconds.